Canucks vs Penguins

Created - December 6 2006 at 19:47

Goals
1 2 3 OT1 T
Canucks 1 0 2 1 4
Penguins 0 0 3 0 3
Shots
1 2 3 OT1 T
Canucks 13 12 9 2 36
Penguins 2 9 13 4 28

Period #1

1. Canucks , Daniel Sedin 3 (Henrik Sedin, Willie Mitchell) at 18:10 (PP)

Penalities :
Martin Lapointe (PIT) for Cross-checking (Minor) at 3:11, Josef Melichar (PIT) for Kneeing (Major) at 5:44, Jan Bulis (VAN) for Delaying the game (Minor) at 13:50, Jason Blake (PIT) for Cross-checking (Minor) at 17:00

Period #2

No Goal

Penalities :
Sami Salo (VAN) for Tripping (Minor) at 0:04, Josef Melichar (PIT) for Tripping (Minor) at 4:36, Brooks Orpik (PIT) for Tripping (Minor) at 10:40, Colby Armstrong (PIT) for High sticking (Minor) at 14:22, Martin Lapointe (PIT) for Tripping (Minor) at 16:37

Period #3

2. Canucks , Markus Naslund 2 (Olli Jokinen, Sami Salo) at 3:06 (PP)
3. Canucks , Daniel Sedin 4 (Matt Cooke, Henrik Sedin) at 6:31
4. Penguins , Ryan Malone 1 (Brooks Orpik, Jason Blake) at 8:04
5. Penguins , Michel Ouellet 3 (Nils Ekman, Brooks Orpik) at 8:53
6. Penguins , Colby Armstrong 4 (Jere Lehtinen, Christian Backman) at 12:56 (PP)

Penalities :
Brooks Orpik (PIT) for Hooking (Minor) at 2:38, Brooks Orpik (PIT) for Roughing (Minor) at 3:13, Matt Cooke (VAN) for Holding (Minor) at 11:55, Colby Armstrong (PIT) for Diving (Minor) at 14:58, Sergei Gonchar (PIT) for Slashing (Double Minor) at 17:37

Overtime #1

7. Canucks , Olli Jokinen 1 (Mattias Ohlund, Markus Naslund) at 2:50

Penalities :
No Penalty

Goalie Stats

Mika Noronen (VAN), 17 saves from 20 shots - (0.850), W, 1-0-0, 53:56 minutes
Roberto Luongo (VAN), 8 saves from 8 shots - (1.000), 10:55 minutes
Mathieu Garon (PIT), 32 saves from 36 shots - (0.889), OTL, 4-0-2, 63:51 minutes

Players Stats

Canucks
Player Name              G  A  P  +/- PIM S  H  SB FO MP 
-----------------------------------------------------------
Anson Carter             0  0  0   0  0   9  0  0  0  19 
Brendan Morrison         0  0  0  -1  0   3  0  0  18 14 
Bryan Smolinski          0  0  0   0  0   1  1  0  5  5  
Daniel Sedin             2  0  2   0  0   6  0  0  1  25 
Eric Weinrich            0  0  0  -1  0   1  0  0  0  15 
Henrik Sedin             0  2  2   0  0   0  0  0  34 25 
Jan Bulis                0  0  0  -1  2   4  3  0  0  14 
Jozef Balej              0  0  0   0  0   0  0  0  0  5  
Lukas Krajicek           0  0  0  -1  0   2  0  0  0  13 
Markus Naslund           1  1  2   1  0   3  1  0  10 23 
Matt Cooke               0  1  1   0  2   0  2  0  2  21 
Mattias Ohlund           0  1  1   1  0   0  0  2  0  27 
Nick Boynton             0  0  0   0  0   1  1  2  0  25 
Oleg Kvasha              0  0  0   0  0   1  0  0  0  5  
Olli Jokinen             1  1  2   1  0   4  1  0  27 23 
Sami Salo                0  1  1   1  2   0  0  0  0  25 
Trevor Linden            0  0  0  -1  0   1  0  0  0  14 
Willie Mitchell          0  1  1   0  0   0  0  1  0  25 
Penguins
Player Name              G  A  P  +/- PIM S  H  SB FO MP 
-----------------------------------------------------------
Brooks Orpik             0  2  2   1  6   2  0  4  0  23 
Christian Backman        0  1  1   0  0   1  0  1  0  25 
Colby Armstrong          1  0  1   0  4   2  0  0  0  15 
Jarkko Ruutu             0  0  0   1  0   1  0  0  16 12 
Jason Blake              0  1  1   0  2   4  0  0  16 22 
Jere Lehtinen            0  1  1  -1  0   6  0  1  1  25 
John LeClair             0  0  0   0  0   0  0  0  0  0  
Josef Melichar           0  0  0  -1  7   0  0  2  0  16 
Kris Draper              0  0  0   0  0   0  0  0  0  2  
Mark Eaton               0  0  0   0  0   0  0  0  0  14 
Martin Lapointe          0  0  0   0  4   0  3  1  13 20 
Michel Ouellet           1  0  1   0  0   1  0  1  1  13 
Nils Ekman               0  1  1   0  0   4  1  0  3  13 
Ryan Malone              1  0  1   1  0   1  0  0  6  7  
Ryan Whitney             0  0  0   0  0   0  1  0  0  27 
Sergei Gonchar           0  0  0   0  4   0  0  3  0  25 
Sidney Crosby            0  0  0   0  0   5  0  0  40 27 
Tomas Surovy             0  0  0   0  0   1  0  0  1  16 

3 Stars

1 - Daniel Sedin (VAN)
2 - Markus Naslund (VAN)
3 - Olli Jokinen (VAN)

Power Play

Canucks - 2 on 10 Attempt(s) - 20.00%
Penguins - 1 on 4 Attempt(s) - 25.00%

Penalty Kill

Canucks - 3 on 4 Attempt(s) - 75.00% - Score 0 goal in Penalty Kill
Penguins - 8 on 10 Attempt(s) - 80.00% - Score 0 goal in Penalty Kill

Game Notes

Roberto Luongo enters game at 12:56 of 3rd period

Finance

Level 1 -- Attendance: 4966 (93.70%) -- Ticket Income $496,600.00
Level 2 -- Attendance: 4808 (95.72%) -- Ticket Income $288,480.00
Level 3 -- Attendance: 1845 (92.25%) -- Ticket Income $64,575.00
Level 4 -- Attendance: 3858 (96.46%) -- Ticket Income $77,160.00
Luxury Box -- Attendance: 714 (71.40%) -- Ticket Income $142,800.00
Game was played at the Mellon Arena
Total Attendance: 16191 (93.47%)
Total Ticket Income: $1,119,774.00
Other Expense: $87,404.40
Total Income: $1,032,370.00


Play by Play

Period #1

0:01 of 1st period - Olli Jokinen wins face-off versus Sidney Crosby in neutral zone.
0:40 of 1st period - Shot by Jason Blake.
0:40 of 1st period - Stopped by Mika Noronen without a rebound.
0:41 of 1st period - Henrik Sedin wins face-off versus Jarkko Ruutu in Canucks zone.
0:58 of 1st period - Shot by Daniel Sedin.
0:58 of 1st period - Stopped by Mathieu Garon with a rebound.
1:44 of 1st period - Icing by Christian Backman.
1:45 of 1st period - Olli Jokinen wins face-off versus Jarkko Ruutu in Penguins zone.
1:52 of 1st period - Shot by Olli Jokinen.
1:52 of 1st period - Shot Misses the Net.
2:29 of 1st period - Shot by Anson Carter.
2:29 of 1st period - Stopped by Mathieu Garon without a rebound.
2:30 of 1st period - Sidney Crosby wins face-off versus Brendan Morrison in Penguins zone.
2:54 of 1st period - Icing by Lukas Krajicek.
2:55 of 1st period - Martin Lapointe wins face-off versus Brendan Morrison in Canucks zone.
3:11 of 1st period - Minor Penalty to Martin Lapointe for Cross-checking.
3:12 of 1st period - Henrik Sedin wins face-off versus Sidney Crosby in Penguins zone.
4:40 of 1st period - Off-side.
4:41 of 1st period - Olli Jokinen wins face-off versus Jason Blake in neutral zone.
5:08 of 1st period - Shot by Anson Carter.
5:08 of 1st period - Stopped by Mathieu Garon without a rebound.
5:09 of 1st period - Matt Cooke wins face-off versus Jason Blake in Penguins zone.
5:14 of 1st period - Shot by Jan Bulis.
5:14 of 1st period - Shot Misses the Net.
5:18 of 1st period - Off-side.
5:19 of 1st period - Martin Lapointe wins face-off versus Brendan Morrison in neutral zone.
5:25 of 1st period - Icing by Lukas Krajicek.
5:26 of 1st period - Martin Lapointe wins face-off versus Brendan Morrison in Canucks zone.
5:44 of 1st period - Major Penalty to Josef Melichar for Kneeing.
5:45 of 1st period - Henrik Sedin wins face-off versus Jason Blake in Penguins zone.
5:50 of 1st period - Shot by Daniel Sedin.
5:50 of 1st period - Stopped by Mathieu Garon without a rebound.
5:51 of 1st period - Henrik Sedin wins face-off versus Sidney Crosby in Penguins zone.
7:50 of 1st period - Shot by Matt Cooke.
7:50 of 1st period - Shot Misses the Net.
7:53 of 1st period - Shot by Henrik Sedin.
7:53 of 1st period - Shot Misses the Net.
7:54 of 1st period - Shot by Willie Mitchell.
7:54 of 1st period - Shot Blocked by Sergei Gonchar.
7:57 of 1st period - Shot by Daniel Sedin.
7:57 of 1st period - Shot Misses the Net.
8:35 of 1st period - Icing by Mattias Ohlund.
8:36 of 1st period - Olli Jokinen wins face-off versus Sidney Crosby in Canucks zone.
9:33 of 1st period - Shot by Daniel Sedin.
9:33 of 1st period - Shot Blocked by Brooks Orpik.
9:36 of 1st period - Shot by Henrik Sedin.
9:36 of 1st period - Shot Blocked by Brooks Orpik.
9:37 of 1st period - Shot by Nick Boynton.
9:37 of 1st period - Stopped by Mathieu Garon with a rebound.
9:59 of 1st period - Icing by Eric Weinrich.
10:00 of 1st period - Brendan Morrison wins face-off versus Ryan Malone in Canucks zone.
11:55 of 1st period - Shot by Trevor Linden.
11:55 of 1st period - Stopped by Mathieu Garon with a rebound.
11:56 of 1st period - Shot by Lukas Krajicek.
11:56 of 1st period - Shot Blocked by Sergei Gonchar.
11:59 of 1st period - Shot by Jan Bulis.
11:59 of 1st period - Stopped by Mathieu Garon without a rebound.
12:00 of 1st period - Jarkko Ruutu wins face-off versus Markus Naslund in Penguins zone.
13:34 of 1st period - Jason Blake is hit by Jan Bulis and loses puck.
13:45 of 1st period - Sidney Crosby is hit by Jan Bulis and loses puck.
13:50 of 1st period - Minor Penalty to Jan Bulis for Delaying the game.
13:51 of 1st period - Markus Naslund wins face-off versus Jarkko Ruutu in Canucks zone.
14:23 of 1st period - Off-side.
14:24 of 1st period - Henrik Sedin wins face-off versus Sidney Crosby in neutral zone.
15:02 of 1st period - Off-side.
15:03 of 1st period - Henrik Sedin wins face-off versus Jarkko Ruutu in neutral zone.
15:12 of 1st period - Shot by Jere Lehtinen.
15:12 of 1st period - Shot Hit the Post.
15:29 of 1st period - Shot by Daniel Sedin.
15:29 of 1st period - Shot Blocked by Brooks Orpik.
16:17 of 1st period - Brendan Morrison is hit by Martin Lapointe and loses puck.
16:36 of 1st period - Off-side.
16:37 of 1st period - Sidney Crosby wins face-off versus Bryan Smolinski in neutral zone.
16:46 of 1st period - Shot by Sidney Crosby.
16:46 of 1st period - Stopped by Mika Noronen without a rebound.
16:47 of 1st period - Henrik Sedin wins face-off versus Sidney Crosby in Canucks zone.
16:49 of 1st period - Daniel Sedin is hit by Ryan Whitney and loses puck.
17:00 of 1st period - Minor Penalty to Jason Blake for Cross-checking.
17:01 of 1st period - Olli Jokinen wins face-off versus Ryan Malone in Penguins zone.
17:26 of 1st period - Shot by Olli Jokinen.
17:26 of 1st period - Stopped by Mathieu Garon without a rebound.
17:27 of 1st period - Henrik Sedin wins face-off versus Sidney Crosby in Penguins zone.
18:04 of 1st period - Shot by Henrik Sedin.
18:04 of 1st period - Shot Misses the Net.
18:05 of 1st period - Shot by Henrik Sedin.
18:05 of 1st period - Shot Blocked by Jere Lehtinen.
18:10 of 1st period - Shot by Henrik Sedin.
18:10 of 1st period - Goal by Daniel Sedin.
18:11 of 1st period - Brendan Morrison wins face-off versus Nils Ekman in neutral zone.
18:16 of 1st period - Shot by Jan Bulis.
18:16 of 1st period - Stopped by Mathieu Garon without a rebound.
18:17 of 1st period - Olli Jokinen wins face-off versus Martin Lapointe in Penguins zone.
18:38 of 1st period - Shot by Markus Naslund.
18:38 of 1st period - Stopped by Mathieu Garon with a rebound.
18:41 of 1st period - Shot by Anson Carter.
18:41 of 1st period - Stopped by Mathieu Garon without a rebound.
18:42 of 1st period - Brendan Morrison wins face-off versus Sidney Crosby in Penguins zone.
19:32 of 1st period - Off-side.
19:33 of 1st period - Olli Jokinen wins face-off versus Martin Lapointe in neutral zone.
19:50 of 1st period - Shot by Markus Naslund.
19:50 of 1st period - Stopped by Mathieu Garon without a rebound.
19:51 of 1st period - Henrik Sedin wins face-off versus Michel Ouellet in Penguins zone.

Period #2

0:01 of 2nd period - Sidney Crosby wins face-off versus Olli Jokinen in neutral zone.
0:04 of 2nd period - Shot by Jason Blake.
0:04 of 2nd period - Stopped by Mika Noronen without a rebound.
0:04 of 2nd period - Minor Penalty to Sami Salo for Tripping.
0:05 of 2nd period - Henrik Sedin wins face-off versus Jarkko Ruutu in Canucks zone.
0:06 of 2nd period - Sidney Crosby wins face-off versus Markus Naslund in Canucks zone.
0:21 of 2nd period - Shot by Sidney Crosby.
0:21 of 2nd period - Stopped by Mika Noronen without a rebound.
0:22 of 2nd period - Jere Lehtinen wins face-off versus Henrik Sedin in Canucks zone.
0:33 of 2nd period - Shot by Jarkko Ruutu.
0:33 of 2nd period - Stopped by Mika Noronen without a rebound.
0:34 of 2nd period - Sidney Crosby wins face-off versus Markus Naslund in Canucks zone.
1:17 of 2nd period - Shot by Tomas Surovy.
1:17 of 2nd period - Stopped by Mika Noronen without a rebound.
1:18 of 2nd period - Jarkko Ruutu wins face-off versus Henrik Sedin in Canucks zone.
2:26 of 2nd period - Off-side.
2:27 of 2nd period - Sidney Crosby wins face-off versus Matt Cooke in neutral zone.
3:12 of 2nd period - Shot by Henrik Sedin.
3:12 of 2nd period - Shot Misses the Net.
3:16 of 2nd period - Icing by Ryan Whitney.
3:17 of 2nd period - Bryan Smolinski wins face-off versus Sidney Crosby in Penguins zone.
3:49 of 2nd period - Jere Lehtinen is hit by Bryan Smolinski and loses puck.
4:36 of 2nd period - Minor Penalty to Josef Melichar for Tripping.
4:37 of 2nd period - Henrik Sedin wins face-off versus Sidney Crosby in Penguins zone.
4:46 of 2nd period - Shot by Daniel Sedin.
4:46 of 2nd period - Shot Misses the Net.
4:52 of 2nd period - Icing by Daniel Sedin.
4:53 of 2nd period - Jason Blake wins face-off versus Henrik Sedin in Canucks zone.
6:43 of 2nd period - Michel Ouellet is hit by Jan Bulis and loses puck.
6:46 of 2nd period - Icing by Eric Weinrich.
6:47 of 2nd period - Brendan Morrison wins face-off versus Nils Ekman in Canucks zone.
7:00 of 2nd period - Shot by Brendan Morrison.
7:00 of 2nd period - Shot Misses the Net.
7:15 of 2nd period - Shot by Jan Bulis.
7:15 of 2nd period - Shot Blocked by Josef Melichar.
7:17 of 2nd period - Icing by Mark Eaton.
7:18 of 2nd period - Martin Lapointe wins face-off versus Henrik Sedin in Penguins zone.
7:24 of 2nd period - Michel Ouellet is hit by Matt Cooke and loses puck.
8:06 of 2nd period - Shot by Colby Armstrong.
8:06 of 2nd period - Shot Misses the Net.
8:07 of 2nd period - Shot by Christian Backman.
8:07 of 2nd period - Stopped by Mika Noronen without a rebound.
8:08 of 2nd period - Brendan Morrison wins face-off versus Sidney Crosby in Canucks zone.
8:28 of 2nd period - Icing by Eric Weinrich.
8:29 of 2nd period - Brendan Morrison wins face-off versus Jarkko Ruutu in Canucks zone.
9:00 of 2nd period - Shot by Jere Lehtinen.
9:00 of 2nd period - Stopped by Mika Noronen with a rebound.
9:01 of 2nd period - Shot by Brooks Orpik.
9:01 of 2nd period - Stopped by Mika Noronen without a rebound.
9:02 of 2nd period - Sidney Crosby wins face-off versus Markus Naslund in Canucks zone.
9:09 of 2nd period - Shot by Jason Blake.
9:09 of 2nd period - Shot Misses the Net.
9:25 of 2nd period - Icing by Sergei Gonchar.
9:26 of 2nd period - Henrik Sedin wins face-off versus Sidney Crosby in Penguins zone.
9:45 of 2nd period - Shot by Matt Cooke.
9:45 of 2nd period - Shot Misses the Net.
9:55 of 2nd period - Icing by Jason Blake.
9:56 of 2nd period - Olli Jokinen wins face-off versus Sidney Crosby in Penguins zone.
10:40 of 2nd period - Minor Penalty to Brooks Orpik for Tripping.
10:41 of 2nd period - Henrik Sedin wins face-off versus Ryan Malone in neutral zone.
11:23 of 2nd period - Off-side.
11:24 of 2nd period - Olli Jokinen wins face-off versus Ryan Malone in neutral zone.
11:27 of 2nd period - Shot by Anson Carter.
11:27 of 2nd period - Stopped by Mathieu Garon without a rebound.
11:28 of 2nd period - Olli Jokinen wins face-off versus Jason Blake in Penguins zone.
11:39 of 2nd period - Shot by Olli Jokinen.
11:39 of 2nd period - Stopped by Mathieu Garon without a rebound.
11:40 of 2nd period - Olli Jokinen wins face-off versus Jason Blake in Penguins zone.
11:43 of 2nd period - Shot by Anson Carter.
11:43 of 2nd period - Stopped by Mathieu Garon with a rebound.
11:46 of 2nd period - Shot by Markus Naslund.
11:46 of 2nd period - Shot Misses the Net.
12:20 of 2nd period - Icing by Nick Boynton.
12:21 of 2nd period - Henrik Sedin wins face-off versus Jason Blake in Canucks zone.
12:48 of 2nd period - Shot by Brendan Morrison.
12:48 of 2nd period - Stopped by Mathieu Garon with a rebound.
12:51 of 2nd period - Shot by Brendan Morrison.
12:51 of 2nd period - Stopped by Mathieu Garon without a rebound.
12:52 of 2nd period - Brendan Morrison wins face-off versus Jarkko Ruutu in Penguins zone.
12:55 of 2nd period - Shot by Jan Bulis.
12:55 of 2nd period - Stopped by Mathieu Garon without a rebound.
12:56 of 2nd period - Martin Lapointe wins face-off versus Henrik Sedin in Penguins zone.
13:10 of 2nd period - Martin Lapointe is hit by Nick Boynton and loses puck.
13:22 of 2nd period - Shot by Nils Ekman.
13:22 of 2nd period - Stopped by Mika Noronen with a rebound.
13:23 of 2nd period - Shot by Michel Ouellet.
13:23 of 2nd period - Shot Misses the Net.
13:38 of 2nd period - Shot by Daniel Sedin.
13:38 of 2nd period - Stopped by Mathieu Garon without a rebound.
13:39 of 2nd period - Olli Jokinen wins face-off versus Sidney Crosby in Penguins zone.
13:45 of 2nd period - Icing by Sergei Gonchar.
13:46 of 2nd period - Brendan Morrison wins face-off versus Sidney Crosby in Penguins zone.
13:56 of 2nd period - Icing by Ryan Whitney.
13:57 of 2nd period - Olli Jokinen wins face-off versus Sidney Crosby in Penguins zone.
14:13 of 2nd period - Sidney Crosby is hit by Markus Naslund and loses puck.
14:22 of 2nd period - Minor Penalty to Colby Armstrong for High sticking.
14:23 of 2nd period - Henrik Sedin wins face-off versus Jason Blake in Penguins zone.
15:26 of 2nd period - Shot by Sidney Crosby.
15:26 of 2nd period - Stopped by Mika Noronen without a rebound.
15:27 of 2nd period - Sidney Crosby wins face-off versus Markus Naslund in Canucks zone.
15:36 of 2nd period - Shot by Olli Jokinen.
15:36 of 2nd period - Shot Blocked by Sergei Gonchar.
16:04 of 2nd period - Off-side.
16:05 of 2nd period - Henrik Sedin wins face-off versus Sidney Crosby in neutral zone.
16:37 of 2nd period - Minor Penalty to Martin Lapointe for Tripping.
16:38 of 2nd period - Sidney Crosby wins face-off versus Daniel Sedin in Penguins zone.
17:18 of 2nd period - Icing by Sami Salo.
17:19 of 2nd period - Sidney Crosby wins face-off versus Olli Jokinen in Canucks zone.
18:52 of 2nd period - Shot by Brendan Morrison.
18:52 of 2nd period - Shot Blocked by Martin Lapointe.
19:11 of 2nd period - Shot by Brendan Morrison.
19:11 of 2nd period - Shot Blocked by Michel Ouellet.
19:12 of 2nd period - Shot by Lukas Krajicek.
19:12 of 2nd period - Shot Misses the Net.
19:13 of 2nd period - Shot by Lukas Krajicek.
19:13 of 2nd period - Stopped by Mathieu Garon with a rebound.
19:14 of 2nd period - Shot by Lukas Krajicek.
19:14 of 2nd period - Stopped by Mathieu Garon with a rebound.
19:19 of 2nd period - Shot by Jan Bulis.
19:19 of 2nd period - Shot Misses the Net.
19:22 of 2nd period - Shot by Jan Bulis.
19:22 of 2nd period - Stopped by Mathieu Garon without a rebound.
19:23 of 2nd period - Bryan Smolinski wins face-off versus Jarkko Ruutu in Penguins zone.
19:50 of 2nd period - Shot by Bryan Smolinski.
19:50 of 2nd period - Stopped by Mathieu Garon without a rebound.
19:51 of 2nd period - Henrik Sedin wins face-off versus Jason Blake in Penguins zone.
19:52 of 2nd period - Shot by Daniel Sedin.
19:52 of 2nd period - Stopped by Mathieu Garon with a rebound.

Period #3

0:01 of 3rd period - Martin Lapointe wins face-off versus Olli Jokinen in neutral zone.
0:34 of 3rd period - Shot by Jason Blake.
0:34 of 3rd period - Shot Blocked by Mattias Ohlund.
0:45 of 3rd period - Shot by Olli Jokinen.
0:45 of 3rd period - Shot Hit the Post.
0:48 of 3rd period - Shot by Olli Jokinen.
0:48 of 3rd period - Stopped by Mathieu Garon with a rebound.
0:49 of 3rd period - Shot by Sami Salo.
0:49 of 3rd period - Shot Misses the Net.
1:30 of 3rd period - Shot by Colby Armstrong.
1:30 of 3rd period - Stopped by Mika Noronen without a rebound.
1:31 of 3rd period - Brendan Morrison wins face-off versus Ryan Malone in Canucks zone.
1:33 of 3rd period - Icing by Jan Bulis.
1:34 of 3rd period - Brendan Morrison wins face-off versus Jarkko Ruutu in Canucks zone.
1:49 of 3rd period - Shot by Brendan Morrison.
1:49 of 3rd period - Stopped by Mathieu Garon without a rebound.
1:50 of 3rd period - Bryan Smolinski wins face-off versus Martin Lapointe in Penguins zone.
2:19 of 3rd period - Shot by Nils Ekman.
2:19 of 3rd period - Shot Blocked by Mattias Ohlund.
2:22 of 3rd period - Shot by Nils Ekman.
2:22 of 3rd period - Stopped by Mika Noronen without a rebound.
2:23 of 3rd period - Jarkko Ruutu wins face-off versus Henrik Sedin in Canucks zone.
2:23 of 3rd period - Jere Lehtinen is hit by Matt Cooke and loses puck.
2:38 of 3rd period - Minor Penalty to Brooks Orpik for Hooking.
2:39 of 3rd period - Sidney Crosby wins face-off versus Olli Jokinen in neutral zone.
3:06 of 3rd period - Shot by Markus Naslund.
3:06 of 3rd period - Goal by Markus Naslund.
3:07 of 3rd period - Henrik Sedin wins face-off versus Jarkko Ruutu in neutral zone.
3:13 of 3rd period - Minor Penalty to Brooks Orpik for Roughing.
3:14 of 3rd period - Henrik Sedin wins face-off versus Jason Blake in Penguins zone.
6:31 of 3rd period - Shot by Daniel Sedin.
6:31 of 3rd period - Goal by Daniel Sedin.
6:32 of 3rd period - Bryan Smolinski wins face-off versus Sidney Crosby in neutral zone.
6:39 of 3rd period - Shot by Sami Salo.
6:39 of 3rd period - Shot Misses the Net.
6:46 of 3rd period - Shot by Bryan Smolinski.
6:46 of 3rd period - Stopped by Mathieu Garon with a rebound.
7:55 of 3rd period - Shot by Jason Blake.
7:55 of 3rd period - Stopped by Mika Noronen with a rebound.
7:58 of 3rd period - Shot by Jason Blake.
7:58 of 3rd period - Stopped by Mika Noronen with a rebound.
8:01 of 3rd period - Shot by Jason Blake.
8:01 of 3rd period - Shot Blocked by Nick Boynton.
8:04 of 3rd period - Shot by Ryan Malone.
8:04 of 3rd period - Goal by Ryan Malone.
8:05 of 3rd period - Brendan Morrison wins face-off versus Sidney Crosby in neutral zone.
8:32 of 3rd period - Shot by Sidney Crosby.
8:32 of 3rd period - Stopped by Mika Noronen with a rebound.
8:53 of 3rd period - Shot by Michel Ouellet.
8:53 of 3rd period - Goal by Michel Ouellet.
8:54 of 3rd period - Martin Lapointe wins face-off versus Henrik Sedin in neutral zone.
9:03 of 3rd period - Shot by Nils Ekman.
9:03 of 3rd period - Stopped by Mika Noronen without a rebound.
9:04 of 3rd period - Henrik Sedin wins face-off versus Jarkko Ruutu in Canucks zone.
9:21 of 3rd period - Shot by Henrik Sedin.
9:21 of 3rd period - Shot Hit the Post.
10:19 of 3rd period - Icing by Ryan Whitney.
10:20 of 3rd period - Sidney Crosby wins face-off versus Olli Jokinen in Penguins zone.
10:34 of 3rd period - Off-side.
10:35 of 3rd period - Martin Lapointe wins face-off versus Brendan Morrison in neutral zone.
10:41 of 3rd period - Icing by Jan Bulis.
10:42 of 3rd period - Ryan Malone wins face-off versus Brendan Morrison in Canucks zone.
10:45 of 3rd period - Shot by Ryan Malone.
10:45 of 3rd period - Shot Misses the Net.
10:51 of 3rd period - Brendan Morrison is hit by Nils Ekman and loses puck.
10:53 of 3rd period - Shot by Trevor Linden.
10:53 of 3rd period - Shot Misses the Net.
10:54 of 3rd period - Shot by Eric Weinrich.
10:54 of 3rd period - Stopped by Mathieu Garon without a rebound.
10:55 of 3rd period - Jarkko Ruutu wins face-off versus Olli Jokinen in Penguins zone.
11:03 of 3rd period - Icing by Mattias Ohlund.
11:04 of 3rd period - Martin Lapointe wins face-off versus Olli Jokinen in Canucks zone.
11:08 of 3rd period - Michel Ouellet is hit by Olli Jokinen and loses puck.
11:55 of 3rd period - Minor Penalty to Matt Cooke for Holding.
11:56 of 3rd period - Sidney Crosby wins face-off versus Henrik Sedin in neutral zone.
12:33 of 3rd period - Shot by Sidney Crosby.
12:33 of 3rd period - Shot Blocked by Willie Mitchell.
12:56 of 3rd period - Shot by Colby Armstrong.
12:56 of 3rd period - Goal by Colby Armstrong.
12:56 of 3rd period - Roberto Luongo enters game.
12:57 of 3rd period - Jarkko Ruutu wins face-off versus Brendan Morrison in neutral zone.
13:00 of 3rd period - Shot by Jere Lehtinen.
13:00 of 3rd period - Shot Misses the Net.
13:39 of 3rd period - Shot by Jere Lehtinen.
13:39 of 3rd period - Stopped by Roberto Luongo without a rebound.
13:40 of 3rd period - Nils Ekman wins face-off versus Olli Jokinen in Canucks zone.
13:43 of 3rd period - Shot by Nils Ekman.
13:43 of 3rd period - Stopped by Roberto Luongo without a rebound.
13:44 of 3rd period - Martin Lapointe wins face-off versus Olli Jokinen in Canucks zone.
13:55 of 3rd period - Shot by Michel Ouellet.
13:55 of 3rd period - Shot Misses the Net.
14:13 of 3rd period - Icing by Markus Naslund.
14:14 of 3rd period - Sidney Crosby wins face-off versus Olli Jokinen in Canucks zone.
14:58 of 3rd period - Minor Penalty to Colby Armstrong for Diving.
14:59 of 3rd period - Henrik Sedin wins face-off versus Jason Blake in neutral zone.
15:01 of 3rd period - Off-side.
15:02 of 3rd period - Jason Blake wins face-off versus Henrik Sedin in neutral zone.
15:31 of 3rd period - Shot by Jason Blake.
15:31 of 3rd period - Shot Blocked by Nick Boynton.
15:32 of 3rd period - Shot by Brooks Orpik.
15:32 of 3rd period - Stopped by Roberto Luongo without a rebound.
15:33 of 3rd period - Olli Jokinen wins face-off versus Sidney Crosby in Canucks zone.
16:00 of 3rd period - Shot by Olli Jokinen.
16:00 of 3rd period - Shot Blocked by Brooks Orpik.
16:03 of 3rd period - Shot by Markus Naslund.
16:03 of 3rd period - Stopped by Mathieu Garon without a rebound.
16:04 of 3rd period - Henrik Sedin wins face-off versus Sidney Crosby in Penguins zone.
17:01 of 3rd period - Shot by Brendan Morrison.
17:01 of 3rd period - Shot Misses the Net.
17:02 of 3rd period - Shot by Eric Weinrich.
17:02 of 3rd period - Shot Misses the Net.
17:05 of 3rd period - Shot by Brendan Morrison.
17:05 of 3rd period - Shot Blocked by Josef Melichar.
17:19 of 3rd period - Jan Bulis is hit by Martin Lapointe and loses puck.
17:36 of 3rd period - Lukas Krajicek is hit by Martin Lapointe and loses puck.
17:37 of 3rd period - Double Minor Penalty to Sergei Gonchar for Slashing.
17:38 of 3rd period - Jason Blake wins face-off versus Olli Jokinen in neutral zone.
17:43 of 3rd period - Shot by Jere Lehtinen.
17:43 of 3rd period - Stopped by Roberto Luongo without a rebound.
17:44 of 3rd period - Olli Jokinen wins face-off versus Sidney Crosby in Canucks zone.
17:57 of 3rd period - Shot by Markus Naslund.
17:57 of 3rd period - Shot Misses the Net.
18:12 of 3rd period - Shot by Anson Carter.
18:12 of 3rd period - Stopped by Mathieu Garon without a rebound.
18:13 of 3rd period - Sidney Crosby wins face-off versus Henrik Sedin in Penguins zone.
18:30 of 3rd period - Shot by Matt Cooke.
18:30 of 3rd period - Shot Misses the Net.
18:31 of 3rd period - Shot by Willie Mitchell.
18:31 of 3rd period - Shot Misses the Net.
19:42 of 3rd period - Shot by Anson Carter.
19:42 of 3rd period - Stopped by Mathieu Garon without a rebound.
19:43 of 3rd period - Sidney Crosby wins face-off versus Markus Naslund in Penguins zone.

Overtime #1

0:01 of 1st overtime period - Olli Jokinen wins face-off versus Sidney Crosby in neutral zone.
0:16 of 1st overtime period - Shot by Olli Jokinen.
0:16 of 1st overtime period - Stopped by Mathieu Garon without a rebound.
0:17 of 1st overtime period - Henrik Sedin wins face-off versus Tomas Surovy in Penguins zone.
1:47 of 1st overtime period - Icing by Olli Jokinen.
1:48 of 1st overtime period - Jason Blake wins face-off versus Markus Naslund in Canucks zone.
1:53 of 1st overtime period - Shot by Jere Lehtinen.
1:53 of 1st overtime period - Shot Misses the Net.
1:56 of 1st overtime period - Shot by Jere Lehtinen.
1:56 of 1st overtime period - Stopped by Roberto Luongo with a rebound.
1:59 of 1st overtime period - Shot by Jason Blake.
1:59 of 1st overtime period - Shot Misses the Net.
2:02 of 1st overtime period - Shot by Jere Lehtinen.
2:02 of 1st overtime period - Shot Misses the Net.
2:07 of 1st overtime period - Shot by Jason Blake.
2:07 of 1st overtime period - Stopped by Roberto Luongo without a rebound.
2:08 of 1st overtime period - Sidney Crosby wins face-off versus Henrik Sedin in Canucks zone.
2:33 of 1st overtime period - Shot by Sidney Crosby.
2:33 of 1st overtime period - Stopped by Roberto Luongo without a rebound.
2:34 of 1st overtime period - Jason Blake wins face-off versus Markus Naslund in Canucks zone.
2:37 of 1st overtime period - Shot by Jere Lehtinen.
2:37 of 1st overtime period - Stopped by Roberto Luongo without a rebound.
2:38 of 1st overtime period - Markus Naslund wins face-off versus Jason Blake in Canucks zone.
2:47 of 1st overtime period - Shot by Olli Jokinen.
2:47 of 1st overtime period - Shot Blocked by Christian Backman.
2:50 of 1st overtime period - Shot by Olli Jokinen.
2:50 of 1st overtime period - Goal by Olli Jokinen.


Output by the STHS for Stephane Roy -- Original Page W3C XHTML 1.0 Valid